 Dungeon Crawl Stone Soup version 0.20.0-15-g7f486f2 (webtiles) character file.

403 taytron the Chopper (level 6, -1/53 HPs)
             Began as a Hill Orc Monk on June 20, 2017.
             Was a Follower of Okawaru.
             Slain by a killer bee (8 damage)
             ... on level 4 of the Dungeon.
             The game lasted 00:42:41 (3239 turns).

taytron the Chopper (Hill Orc Monk)                 Turns: 3239, Time: 00:42:41

Health: -1/53      AC:  6    Str: 16    XL:     6   Next: 86%
Magic:  6/6        EV: 12    Int: 10    God:    Okawaru [*.....]
Gold:   185        SH:  4    Dex: 15    Spells: 5/5 levels left

rFire    . . .     SeeInvis .   y - -1 short sword (curse)
rCold    . . .     Gourm    .   q - +0 buckler (curse)
rNeg     . . .     Faith    .   h - +1 leather armour
rPois    .         Spirit   .   (no helmet)
rElec    .         Reflect  .   (no cloak)
rCorr    .         Harm     .   i - +1 pair of gloves
MR       .....                  (no boots)
Stlth    ++........             (no amulet)
Regen    0.2/turn               g - +2 ring of dexterity
MPRegen  0.1/turn               (no ring)

@: lethally poisoned (-1 -> -5)
A: no striking features
a: Heroism, Renounce Religion


You were on level 4 of the Dungeon.
You worshipped Okawaru.
Okawaru was aware of your devotion.
You were not hungry.

You visited 1 branch of the dungeon, and saw 5 of its levels.

You collected 185 gold pieces.

Inventory:

Hand Weapons
 a - a +1 hand axe
 m - a +0 hunting sling
 y - a cursed -1 short sword (weapon)
Missiles
 k - 68 stones (quivered)
 n - 34 bolts
 o - 38 poisoned needles
 r - 23 sling bullets
Armour
 h - a +1 leather armour (worn)
 i - a +1 pair of gloves (worn)
 q - a cursed +0 buckler (worn)
Jewellery
 g - a +2 ring of dexterity (left hand)
Wands
 u - a wand of flame (48/48)
Scrolls
 d - a scroll of magic mapping {unknown}
 e - a scroll of recharging
 l - 2 scrolls of identify
 x - a scroll of random uselessness
Potions
 p - a potion of curing
 s - a potion of lignification {unknown}
 t - a potion of ambrosia {unknown}
 A - a potion of berserk rage {unknown}
Comestibles
 b - 2 chunks of flesh
 c - a bread ration
 f - a royal jelly
 j - a meat ration
 z - a fruit


   Skills:
 + Level 4.6 Fighting
 + Level 0.4 Short Blades
 + Level 6.5 Axes
 + Level 1.8 Throwing
 + Level 2.6 Armour
 + Level 3.3 Dodging
 + Level 1.9 Stealth
 + Level 1.0 Shields


You had 5 spell levels left.
You didn't know any spells.

Dungeon Overview and Level Annotations

Branches:
Dungeon (5/15)
 Temple: D:4-7

Altars:
Fedhas
Okawaru
Yredelemnul

Annotations:
D:4 Grinder


Message History

You miss the killer bee.
You feel sick. You block the killer bee's attack.
The killer bee completely misses you.
You closely miss the killer bee. The killer bee stings you.
You are more poisoned.
The killer bee poisons you! The killer bee misses you.
A shadow imp comes into view.
You completely miss the killer bee.
You feel sick. You block the killer bee's attack. The killer bee stings you!
* * * LOW HITPOINT WARNING * * *
You feel sick. The killer bee stings you.
* * * LOW HITPOINT WARNING * * *
The killer bee closely misses you.
You feel sick.
The killer bee stings you but does no damage.
You feel sick. The killer bee closely misses you.
You feel sick.
The killer bee stings you but does no damage.
You feel sick. You block the killer bee's attack. The killer bee stings you!
You die...

. ... .. ...# .. # #.#..# ... .#
#.#..#### ###########...
..##.#....(## #.........#...
...5y#......########.............
(......[.......y@.รท...........##
#..<.....[..##..###########.##
#....(.......#...# #..#
#####.>..(.#.#.......# ####
#.....#....#.####...##
..#........#...# ##.#
###.......(...(# ##
#.......###.#[. #....>..# #.#.##


You could see a killer bee.

Vanquished Creatures
  The ghost of Baril the Magician, an amateur DESu (D:3)
  A killer bee (D:5)
  A hound (D:4)
  An orc wizard (D:3)
  Terence (D:2)
  4 gnolls
  4 adders
  A shadow imp (D:3)
  An ooze (D:2)
  4 worms
  A leopard gecko (D:1)
  3 orcs (D:3)
  8 bats
  4 giant cockroaches
  3 goblins (D:3)
  9 hobgoblins
  6 jackals
  A quokka (D:2)
  2 ball pythons
  8 frilled lizards
  8 kobolds
  9 rats
81 creatures vanquished.

Notes
Turn   | Place    | Note
-------+----------+-------------------------------------------
     0 | D:1      | taytron the Hill Orc Monk began the quest for the Orb.
     0 | D:1      | Reached XP level 1. HP: 19/19 MP: 1/1
    78 | D:1      | Reached XP level 2. HP: 14/27 MP: 2/2
   713 | D:1      | Reached XP level 3. HP: 33/33 MP: 3/3
   807 | D:2      | Noticed Terence
   826 | D:2      | Killed Terence
   858 | D:2      | Reached skill level 1 in Armour
   858 | D:2      | Reached XP level 4. HP: 19/40 MP: 4/4
  1055 | D:2      | HP: 1/40 [gnoll (7)]
  1111 | D:1      | Reached skill level 5 in Axes
  1111 | D:1      | Reached skill level 1 in Throwing
  1665 | D:2      | Reached XP level 5. HP: 15/46 MP: 5/5
  2394 | D:3      | Noticed Baril's ghost (amateur DESu)
  2425 | D:3      | Killed Baril's ghost
  2425 | D:3      | Reached skill level 6 in Axes
  2425 | D:3      | Reached XP level 6. HP: 17/53 MP: 6/6
  2742 | D:3      | Found an iron altar of Okawaru.
  2779 | D:3      | Became a worshipper of Warmaster Okawaru
  2779 | D:3      | Reached * piety under Okawaru
  2779 | D:3      | Reached ** piety under Okawaru
  2979 | D:3      | Found a blossoming altar of Fedhas.
  2994 | D:3      | Found a basalt altar of Yredelemnul.
  3068 | D:4      | Reached skill level 1 in Shields
  3112 | D:4      | Noticed Grinder
  3124 | D:4      | Paralysed by Grinder for 2 turns
  3134 | D:5      | Entered Level 5 of the Dungeon
  3239 | D:4      | Slain by a killer bee

Skill      XL: |  1  2  3  4  5  6 |
---------------+-------------------+-----
Fighting       | 4 |  4.6
Armour         | 1 2 |  2.6
Axes           | 5 6 |  6.5
Throwing       | 1 |  1.8
Dodging        | 3 |  3.3
Shields        | 1 |  1.0
Short Blades   | |  0.4
Stealth        | |  1.9

Action                   |  1- 3 |  4- 6 || total
-------------------------+-------+-------++-------
Melee: Hand axe          |    88 |   218 ||   306
       Short sword       |       |    35 ||    35
Throw: Stone             |    32 |   123 ||   155
Invok: Heroism           |       |     2 ||     2
  Use: Scroll            |     2 |     5 ||     7
       Potion            |       |     4 ||     4
 Stab: Sleeping          |     1 |       ||     1
  Eat: Chunk             |       |     8 ||     8
Armor: Robe              |     8 |       ||     8
       Leather armour    |    20 |    51 ||    71
Dodge: Dodged            |    68 |   130 ||   198
Block: Buckler           |       |    29 ||    29
